 Dungeon Crawl Stone Soup version 0.15.1-1-gfacfea3 (webtiles) character file.

1181 LordSUSHI the Ducker (level 8, -1/78 HPs)
             Began as a Troll Berserker on Sept 19, 2014.
             Was a Priest of Trog.
             Slain by WhatIsLove's ghost (8 damage)
             ... on Level 6 of the Dungeon.
             The game lasted 00:32:42 (4715 turns).

LordSUSHI the Ducker (Troll Berserker)              Turns: 4715, Time: 00:32:42

HP  -1/78        AC  6     Str 27      XL: 8   Next: 19%
MP   3/3         EV 11     Int  8      God: Trog [***...]
Gold 156         SH  0     Dex 10      Spells:  0 memorised,  7 levels left

rFire  . . .     SeeInvis .       - Unarmed
rCold  . . .     Clarity  .     x - +1 robe {MR+}
rNeg   . . .     rCorr    .     (shield restricted)
rPois  .         rRot     .     (helmet restricted)
rElec  .         Spirit   .     (no cloak)
SustAb .         Warding  .     (gloves unavailable)
rMut   .         Stasis   .     (boots unavailable)
Gourm  +                        (no amulet)
MR     +....                    (no ring)
                                (no ring)

@: brilliant, somewhat resistant to hostile enchantments, very unstealthy
A: unfitting armour, claws 3, fast metabolism 3, gourmand, regeneration 2,
saprovore 2, shaggy fur 1, tough skin 2
a: Burn Spellbooks, Berserk, Trog's Hand, Renounce Religion


You were on level 6 of the Dungeon.
You worshipped Trog.
Trog was most pleased with you.
You were not hungry.

You visited 1 branch of the dungeon, and saw 6 of its levels.

You collected 156 gold pieces.

Inventory:

Hand weapons
 a - a +0 mace
 D - a +0 giant spiked club
Missiles
 k - 95 stones (quivered)
 u - 6 tomahawks
Armour
 b - a +0 animal skin
 x - a +1 robe of magic resistance (worn)
Magical devices
 y - a wand of digging (15) {unknown}
 B - a wand of teleportation (4) {unknown}
Comestibles
 c - 4 meat rations
 l - 2 beef jerkies
 q - a slice of pizza
 E - a bread ration
Scrolls
 d - a scroll of blinking {unknown}
 e - 5 scrolls of teleportation {unknown}
 f - 2 scrolls of fear {unknown}
 g - a scroll of enchant armour {unknown}
 i - 6 scrolls of identify {unknown}
 j - 2 scrolls of enchant weapon {unknown}
 m - 4 scrolls of fog {unknown}
 o - 2 scrolls of immolation {unknown}
 p - 2 scrolls of recharging {unknown}
 t - a scroll of noise {unknown}
 v - 3 scrolls of remove curse {unknown}
 F - a scroll of vulnerability {unknown}
Jewellery
 C - an uncursed ring of protection from magic {unknown}
Potions
 h - a potion of heal wounds {unknown}
 n - 2 potions of curing
 r - a potion of restore abilities {unknown}
 s - a potion of confusion {unknown}
 w - a potion of flight
 z - a potion of brilliance
 A - a potion of mutation {unknown}


   Skills:
 + Level 4.3 Fighting
 - Level 5.2 Maces & Flails
 + Level 2.7 Throwing
 + Level 5.7 Dodging
 * Level 1.9 Unarmed Combat


You had 7 spell levels left.
You didn't know any spells.

Dungeon Overview and Level Annotations

Branches:
Dungeon (6/15)
 Temple: D:4-7

Altars:
Makhleb
Okawaru

Annotations:
D:6 WhatIsLove's ghost, experienced HEGl


Innate Abilities, Weirdness & Mutations

You are too large for most types of armour.
You have claws for hands.
Your metabolism is lightning-fast.
You like to eat raw meat.
You heal very quickly.
You can eat rotten meat.
You are covered in fur (AC +1).
You have very tough skin (AC +2).


Message History

WhatIsLove's ghost is moderately damaged.
WhatIsLove's ghost barely misses you.
You scratch WhatIsLove's ghost but do no damage.
WhatIsLove's ghost is moderately damaged.
WhatIsLove's ghost hits you.
You scratch WhatIsLove's ghost. Your punch misses WhatIsLove's ghost.
WhatIsLove's ghost is moderately damaged.
WhatIsLove's ghost hits you.
* * * LOW HITPOINT WARNING * * *
You closely miss WhatIsLove's ghost.
WhatIsLove's ghost is moderately damaged.
WhatIsLove's ghost hits you!
* * * LOW HITPOINT WARNING * * *
You miss WhatIsLove's ghost.
WhatIsLove's ghost is moderately damaged.
WhatIsLove's ghost hits you!
* * * LOW HITPOINT WARNING * * *
You feel clever all of a sudden.
It was a potion of brilliance.
WhatIsLove's ghost hits you!
You die...

.#.#
#########.#.#
...((((...(.
#.:.....###.#
+....(........
#.......#
#...)...#
#..(.W..#
#....@..#...#
##............
####.....####.#
#.............
##..#########
#..# #.%# #..#
##### #..#


You could see WhatIsLove's ghost.

Vanquished Creatures
  Pikel (D:4)
  The ghost of Johnny the Gusty, an average DgAE (D:4)
  An ogre (D:5)
  A scorpion (D:4)
  An iron imp (D:4)
  Crazy Yiuf (D:4)
  4 orc wizards
  2 iguanas
  A worker ant (D:4)
  2 worker ant zombies (D:5)
  A gnoll (D:1)
  10 adders
  Natasha (D:4)
  3 worms
  A giant mite (D:4)
  2 orc skeletons
  3 giant geckos
  An ooze (D:2)
  6 orcs
  3 ball pythons
  18 bats
  A bat skeleton (D:4)
  13 hobgoblins
  16 jackals
  3 quokkas
  3 giant cockroaches
  2 giant newts
  9 goblins
  7 kobolds
  8 rats
126 creatures vanquished.

Vanquished Creatures (others)
  An iguana (D:4)
  Natasha (D:4)
  A giant cockroach (D:4)
3 creatures vanquished.

Grand Total: 129 creatures vanquished

Notes
Turn   | Place    | Note
--------------------------------------------------------------
     0 | D:1      | LordSUSHI, the Troll Berserker, began the quest for the Orb.
     0 | D:1      | Reached XP level 1. HP: 22/22 MP: 1/1
    28 | D:1      | Reached skill level 3 in Maces & Flails
    28 | D:1      | Reached XP level 2. HP: 13/29 MP: 1/1
   373 | D:1      | Reached XP level 3. HP: 29/36 MP: 2/2
   812 | D:2      | Found a burning altar of Makhleb.
   831 | D:2      | Acquired Trog's second power
   946 | D:2      | Reached XP level 4. HP: 14/44 MP: 2/2
  1811 | D:3      | Found an iron altar of Okawaru.
  1879 | D:3      | Reached XP level 5. HP: 52/52 MP: 2/2
  2453 | D:3      | Reached skill level 4 in Dodging
  2677 | D:4      | Reached skill level 1 in Throwing
  2787 | D:4      | Noticed Johnny's ghost (average DgAE)
  2802 | D:4      | Killed Johnny's ghost
  2802 | D:4      | Reached XP level 6. HP: 46/61 MP: 3/3
  3344 | D:4      | Noticed Pikel
  3344 | D:4      | Noticed a slave
  3345 | D:4      | Noticed a slave
  3345 | D:4      | Noticed a slave
  3362 | D:4      | Killed Pikel
  3362 | D:4      | Reached skill level 5 in Maces & Flails
  3362 | D:4      | Reached skill level 5 in Dodging
  3362 | D:4      | Reached XP level 7. HP: 68/68 MP: 3/3
  3383 | D:4      | Noticed a freed slave
  3383 | D:4      | Noticed Natasha
  3384 | D:4      | Killed Natasha
  3567 | D:4      | Noticed Natasha
  3580 | D:4      | Killed Natasha
  3676 | D:4      | Noticed Crazy Yiuf
  3685 | D:4      | Killed Crazy Yiuf
  3852 | D:5      | Entered Level 5 of the Dungeon
  3941 | D:5      | Reached XP level 8. HP: 72/78 MP: 3/3
  3986 | D:5      | Reached skill level 1 in Unarmed Combat
  4641 | D:6      | Noticed WhatIsLove's ghost (experienced HEGl)
  4715 | D:6      | Slain by WhatIsLove's ghost

Action                   |  1- 3 |  4- 6 |  7- 9 || total
-------------------------+-------+-------+-------++-------
Melee: Mace              |   133 |   261 |     2 ||   396
       Unarmed           |       |       |   115 ||   115
       Giant spiked club |       |       |    18 ||    18
Throw: Stone             |       |    39 |    57 ||    96
Invok: Berserk           |       |     4 |       ||     4
       Trog's Hand       |       |     1 |     1 ||     2
       Burn Spellbooks   |       |     1 |       ||     1
  Use: Potion            |       |     2 |     1 ||     3
  Eat: Chunk             |     5 |    25 |    13 ||    43
       Bread ration      |     1 |       |       ||     1
